 Dungeon Crawl Stone Soup version 0.27-a0-797-g27d10ad80f (webtiles) character file.

Game seed: 11562651380022609571

518 Goblin1989 the Chopper (level 7, 0/50 HPs)
             Began as a Djinni Berserker on Mar 27, 2021.
             Was a Believer of Trog.
             Slain by Pikel
             ... wielding a +1 whip of flaming
              (5 damage)
             ... on level 4 of the Dungeon on Mar 28, 2021.
             The game lasted 00:08:40 (4605 turns).

Goblin1989 the Chopper (Djinni Berserker)           Turns: 4605, Time: 00:08:42

Health: 0/50       AC:  3    Str: 17    XL:     7   Next: 21%
Gold:   132        EV: 12    Int:  9    God:    Trog [**....] SH:  0 Dex: 13

rFire    + + .     SeeInvis .   a - +0 hand axe
rCold    x . .     Faith    .   (no shield)
rNeg     . . .     Spirit   .   b - +0 animal skin
rPois    ∞         Reflect  .   (no helmet)
rElec    .         Harm     .   p - +0 cloak
rCorr    .         Rampage  .   (no gloves)
Will     .....                  (boots unavailable)
Stlth    +.........             (no amulet)
HPRegen  0.16/turn              (no ring)
MPRegen  0.00/turn              (no ring)

@: berserk cooldown, flying, slowed, very slow
A: fire resistance 2, cold vulnerability 1, float, innate caster, hp casting,
extra vitality 1
a: Renounce Religion, Berserk, Trog's Hand


You were on level 4 of the Dungeon.
You worshipped Trog.
Trog was pleased with you.
You visited 1 branch of the dungeon, and saw 4 of its levels.

You collected 132 gold pieces.

Inventory:

Hand Weapons
 a - a +0 hand axe (weapon)
Armour
 b - a +0 animal skin (worn)
 f - a +0 plate armour
 p - a +0 cloak (worn)
Wands
 l - a wand of flame (18) {@v6}
Scrolls
 c - 2 scrolls of summoning {unknown}
 d - a scroll of identify {unknown}
 h - a scroll of noise {unknown}
 j - a scroll of blinking {unknown}
 k - a scroll of immolation {unknown}
 m - a scroll of brand weapon {unknown}
 n - a scroll of amnesia {unknown}
Potions
 e - 5 potions of curing {unknown}
 g - a potion of heal wounds {unknown}
 o - a potion of ambrosia {unknown}


   Skills:
 - Level 3.0 Fighting
 + Level 6.7 Axes
 - Level 2.0 Armour
 - Level 2.1 Dodging


You had one spell level left.
You knew the following spells:

 Your Spells              Type           Power      Damage    Failure   Level
a - Sandblast             Erth           0%         2d4       38%         1
b - Swiftness             Air            0%         N/A       52%         2
c - Wereblood             Tmut           0%         N/A       52%         2
Your spell library was empty.

Dungeon Overview and Level Annotations

Branches:
Dungeon (4/15)
 Temple: D:4-7

Altars:
Cheibriados
Dithmenos
Fedhas
Nemelex Xobeh
Ru
Uskayaw
Xom
Yredelemnul

Shops:
D:4 *

Annotations:
D:3 1 runed translucent door, Crazy Yiuf
D:4 Pikel


Innate Abilities, Weirdness & Mutations

You are immune to poison.
Your flesh is very heat resistant. (rF++)
You are vulnerable to cold. (rC-)
You float through the air rather than walking.
You learn spells naturally, not from books.
Your magical power is your life essence.
You have superior vitality. (+4 HP)


Message History

The lemure is lightly wounded.
You hit the lemure. The lemure hits you.
You take 3 damage, and have 57/75 hp.
You slash the lemure!
The lemure is severely wounded.
You barely miss the lemure.
A lemure comes into view.
The lemure misses you. x2
You barely miss the lemure.
The lemure is severely wounded.
You hit the lemure. The lemure barely misses you.
You slash the lemure!
You kill the lemure!
That felt strangely unrewarding.
You hit the lemure but do no damage. You closely miss the lemure.
You hit the lemure but do no damage. The lemure barely misses you.
The lemure completely misses you.
You slash the lemure!
The lemure is moderately wounded.
You closely miss the lemure. Pikel waves his whip at you. The lemure hits you.
You take 6 damage, and have 51/75 hp.
You miss the lemure.
The lemure is moderately wounded.
You barely miss the lemure. The lemure hits you! The lemure hits you.
You take 10 damage, and have 41/75 hp.
You hit the lemure.
The lemure is heavily wounded.
You closely miss the lemure. The lemure misses you.
You barely miss the lemure.
The lemure is heavily wounded.
You hit the lemure.
Pikel says, "You'll rust in Dis!"
The lemure closely misses you.
You hit the lemure.
The lemure is heavily wounded.
You closely miss the lemure. The lemure hits you.
You take 5 damage, and have 37/75 hp.
You completely miss the lemure.
The lemure is heavily wounded.
You barely miss the lemure. The lemure closely misses you.
The lemure hits you but does no damage.
You closely miss the lemure.
The lemure is heavily wounded.
You barely miss the lemure. The lemure hits you.
You take 2 damage, and have 35/75 hp.
You hit the lemure.
The lemure is severely wounded.
You hit the lemure. The lemure barely misses you.
You closely miss the lemure.
The lemure is severely wounded.
You closely miss the lemure. The lemure hits you!
* * * LOW HITPOINT WARNING * * *
The lemure hits you.
* * * LOW HITPOINT WARNING * * *
You take 12 damage, and have 23/75 hp.
You slash the lemure!
The lemure is almost dead.
You barely miss the lemure. The lemure closely misses you.
You slash the lemure!
You kill the lemure!
That felt strangely unrewarding.
You closely miss the lemure. You hit Pikel but do no damage.
You closely miss the lemure. The lemure hits you.
* * * LOW HITPOINT WARNING * * *
You take 2 damage, and have 22/75 hp.
You completely miss Pikel. You completely miss the lemure.
Pikel barely misses you. The lemure barely misses you.
You miss Pikel. You barely miss the lemure.
Pikel hits you with a +1 whip of flaming.
* * * LOW HITPOINT WARNING * * *
You take 5 damage, and have 17/75 hp.
Unknown command.
You slash Pikel!
Pikel is moderately wounded.
You slash the lemure!
You kill the lemure!
That felt strangely unrewarding.
You hit Pikel.
Pikel is moderately wounded.
Pikel hits you with a +1 whip of flaming.
* * * LOW HITPOINT WARNING * * *
You take 2 damage, and have 15/75 hp.
You slash Pikel!
Pikel is heavily wounded.
Pikel hits you with a +1 whip of flaming!
* * * LOW HITPOINT WARNING * * *
Pikel burns you.
* * * LOW HITPOINT WARNING * * *
You take 7 damage, and have 8/75 hp.
You miss Pikel.
Pikel is heavily wounded.
You are no longer berserk.
You are exhausted.
You feel yourself slow down.
You now have 5/50 hp.
You slash Pikel!
Pikel is severely wounded.
Pikel hits you with a +1 whip of flaming.
You die... ████ ...██ ███... ∩█..█ █.$. .5█ █K██████

█@.....█ █......█
▲......█ █......█
█...?..█
█▲█......█
█........███
█...(......█
█..........███████


You could see Pikel and a lemure.

Vanquished Creatures
  Grinder (D:3)
  Sigmund (D:3)
  3 lemures (D:4)
  Terence (D:3)
  Ijyb (D:3)
  A killer bee zombie (D:3)
  3 adders
  A worm (D:2)
  A dart slug (D:1)
  5 ball pythons
  4 bats
  6 endoplasms
  2 giant cockroaches
  5 goblins
  6 hobgoblins
  4 jackals (D:2)
  A quokka (D:1)
  3 frilled lizards
  5 kobolds
  3 rats
57 creatures vanquished.

Notes
Turn   | Place    | Note
-------+----------+-------------------------------------------
     0 | D:1      | Goblin1989 the Djinni Berserker began the quest for the
                  | Orb.
     0 | D:1      | Reached XP level 1. HP: 20/20 MP: 0/0
   319 | D:1      | Reached XP level 2. HP: 19/25 MP: 0/0
   329 | D:1      | Reached skill level 3 in Axes
  1859 | D:2      | Reached XP level 3. HP: 30/30 MP: 0/0
  1859 | D:2      | Learned a level 1 spell: Sandblast
  2665 | D:3      | Noticed Ijyb
  2683 | D:3      | Killed Ijyb
  2684 | D:3      | Reached XP level 4. HP: 30/35 MP: 0/0
  2831 | D:3      | Noticed Terence
  2842 | D:3      | Killed Terence
  2843 | D:3      | Reached skill level 4 in Axes
  3294 | D:3      | Found a sacrificial altar of Ru.
  3297 | D:3      | Found a shimmering altar of Xom.
  3373 | D:3      | Noticed Sigmund
  3383 | D:3      | Killed Sigmund
  3384 | D:3      | Reached skill level 5 in Axes
  3384 | D:3      | Reached XP level 5. HP: 40/40 MP: 0/0
  3384 | D:3      | Learned a level 2 spell: Swiftness
  3384 | D:3      | Reached XP level 6. HP: 46/46 MP: 0/0
  3714 | D:3      | Found a runed translucent door.
  3715 | D:3      | Noticed Crazy Yiuf
  3747 | D:3      | Reached ** piety under Trog
  3928 | D:3      | Noticed Grinder
  3949 | D:3      | Paralysed by Grinder for 4 turns
  3965 | D:3      | Killed Grinder
  3966 | D:3      | Reached skill level 6 in Axes
  3966 | D:3      | Reached XP level 7. HP: 11/50 MP: 0/0
  3966 | D:3      | Learned a level 2 spell: Wereblood
  4255 | D:3      | Found a basalt altar of Yredelemnul.
  4257 | D:3      | Found a blossoming altar of Fedhas.
  4269 | D:3      | Found a snail-covered altar of Cheibriados.
  4323 | D:3      | Found a shadowy altar of Dithmenos.
  4323 | D:3      | Found a hide-covered altar of Uskayaw.
  4324 | D:3      | Found a sparkling altar of Nemelex Xobeh.
  4568 | D:4      | Found Siudikh's Assorted Antiques.
  4575 | D:4      | Noticed Pikel
  4605 | D:4      | Slain by Pikel

Illustrated notes

Levels and vault maps discovered:
D:1:      evilmike_arrival_fibonacci_small, layout_loops_ring,
          minmay_heptomino_h4
D:2:      layout_loops_ring
D:3:      layout_loops_cross, grunt_temple_overflow_open, minmay_ruptured,
          uniq_sigmund, uniq_ijyb, uniq_grinder, uniq_terence,
          uniq_crazy_yiuf_cottage
D:4:      layout_basic, serial_shops, nicolae_shop_window_shopping, uniq_pikel

Skill      XL: |  1  2  3  4  5  6 |
---------------+-------------------+-----
Axes           | 3 5 6 |  6.7
Fighting       | |  3.0
Armour         | |  2.0
Dodging        | |  2.1

Action                   |  1- 3 |  4- 6 |  7- 9 || total
-------------------------+-------+-------+-------++-------
Melee: Hand axe          |   112 |    82 |    64 ||   258
Invok: Berserk           |     3 |     4 |     1 ||     8
       Trog's Hand       |       |     1 |       ||     1
 Stab: Sleeping          |     2 |       |     1 ||     3
Armor: Animal skin       |    29 |     2 |    13 ||    44
Dodge: Dodged            |    71 |    42 |    50 ||   163

Table legend: (Time is in decaauts)
 A = Elapsed time spent in this place.
 B = Non-inter-level travel time spent in this place.
 C = Inter-level travel time spent in this place.
 D = Time resting spent in this place.
 E = Time spent auto-exploring this place.
 F = Levels seen in this place.
 G = Mean time per level.
                   A        B        C        D        E       F      G
               +--------+--------+--------+--------+--------+-----+--------+
         Total |   4678 |   4548 |    130 |   1522 |   2511 |   4 | 1169.5 |
       Dungeon |   4678 |   4548 |    130 |   1522 |   2511 |   4 | 1169.5 |
               +--------+--------+--------+--------+--------+-----+--------+

Top non-repeatable levels by time:
     D:3: 1842 daAuts
     D:2: 1445 daAuts
     D:1: 1243 daAuts
     D:4: 146 daAuts
